Map: [ESL] Royal Blood

Players

Gerald - Winner!

  • Race: Protoss Protoss
  • Spawn Location: 1:00

DnS

  • Race: Protoss Protoss
  • Spawn Location: 7:00

Event: ESL SC2 Masters 2023 Summer (Regionals)

VOD

Have the link to the VOD?

Description

Time

  • Played on: May 14, 2023, 12:23 p.m.
  • Length: 26:05

All games in this series

Show
View Real Time Build Order
Export as new Build Order

Gerald Protoss - Winner!

Build Orders: Oracle Opening 

Get SALT Encoding   

  12  0:00  Probe  
  13  0:12  Probe  
  14  0:17  Pylon  
  14  0:24  Probe (Chrono Boost)  
  16  0:36  Probe (Chrono Boost)  
  16  0:37  Gateway  
  16  0:43  Probe (Chrono Boost)  
  16  0:45  Assimilator  
  17  0:51  Probe  
  17  0:54  Assimilator  
  18  1:03  Probe (Chrono Boost)  
  19  1:07  Gateway  
  20  1:12  Probe (Chrono Boost)  
  20  1:17  Probe (Chrono Boost)  
  20  1:24  Cybernetics Core  
  21  1:29  Probe  
  22  1:33  Pylon  
  22  1:41  Probe  
  23  1:53  Probe  
  24  2:00  Stargate  
  24  2:01  Adept  
  24  2:02  Adept  
  24  2:05  Probe  
  29  2:12  Pylon  
  29  2:18  Probe  
  30  2:35  Probe  
  31  2:40  Oracle (Chrono Boost)  
  34  2:47  Shield Battery  
  34  2:54  Stalker x2  
  34  2:57  Probe  
  38  3:12  Robotics Facility  
  38  3:17  Probe  
  37  3:21  Pylon  
  37  3:41  Nexus  
  37  3:43  Pylon, Warp Gate (Chrono Boost)  
  37  3:56  Probe  
  37  3:58  Stalker  
  38  4:08  Probe  
  39  4:10  Observer  
  39  4:13  Stalker  
  39  4:14  Twilight Council  
  42  4:20  Probe, Shield Battery  
  43  4:27  Pylon  
  43  4:32  Probe  
  44  4:45  Probe  
  45  4:49  Immortal  
  49  4:54  Probe  
  49  4:57  Probe  
  48  5:09  Probe (Chrono Boost)  
  48  5:11  Probe (Chrono Boost)  
  47  5:19  Probe (Chrono Boost)  
  49  5:22  Probe (Chrono Boost)  
  49  5:24  Probe (Chrono Boost)  
  48  5:29  Immortal (Chrono Boost), Stalker  
  48  5:31  Probe  
  55  5:37  Blink  
  55  5:40  Probe, Pylon  
  55  5:56  Probe (Chrono Boost)  
  55  5:58  Probe (Chrono Boost)  
  55  6:05  Immortal (Chrono Boost)  
  55  6:07  Probe (Chrono Boost), Gateway  
  55  6:11  Probe (Chrono Boost)  
  61  6:12  Probe (Chrono Boost)  
  61  6:18  Stalker x2  
  64  6:24  Probe  
  64  6:25  Probe  
  68  6:37  Probe, Warp Prism  
  68  6:39  Assimilator  
  71  6:41  Pylon  
  71  6:50  Stalker x2  
  71  6:53  Probe  
  76  6:55  Probe  
  76  7:01  Pylon  
  77  7:03  Gateway  
  77  7:05  Probe  
  77  7:06  Stalker  
  76  7:30  Stalker x3  
  76  7:31  Probe  
  83  7:43  Immortal (Chrono Boost)  
  83  7:50  Probe  
  88  7:55  Stalker x3  
  94  8:00  Pylon  
  94  8:01  Nexus  
  94  8:09  Pylon  
  94  8:12  Forge  
  94  8:18  Probe  
  95  8:25  Probe  
  95  8:26  Immortal  
  85  8:34  Probe  
  85  8:35  Stalker x3  
  85  8:37  Probe  
  85  8:41  Robotics Bay  
  92  8:46  Assimilator  
  92  8:47  Protoss Ground Weapons Level 1 (Chrono Boost)  
  92  8:55  Observer  
  92  8:56  Probe  
  92  9:01  Probe  
  94  9:05  Shield Battery  
  94  9:08  Probe, Robotics Facility  
  95  9:13  Probe  
  95  9:14  Probe  
  97  9:20  Probe  
  97  9:23  Stalker x3  
  104  9:34  Disruptor (Chrono Boost)  
  104  9:36  Pylon  
  107  9:41  Pylon  
  107  9:44  Probe  
  108  9:46  Assimilator  
  108  9:48  Assimilator  
  108  9:52  Probe  
  109  9:58  Disruptor (Chrono Boost)  
  112  10:01  Disruptor (Chrono Boost)  
  112  10:02  Probe  
  112  10:06  Photon Cannon  
  112  10:08  Shield Battery  
  112  10:10  Pylon  
  112  10:14  Photon Cannon  
  112  10:15  Zealot x3  
  118  10:25  Disruptor (Chrono Boost)  
  119  10:29  Disruptor  
  118  10:43  Nexus  
  118  10:47  Zealot  
  118  10:48  Zealot x3  
  107  11:01  Disruptor (Chrono Boost)  
  111  11:11  Disruptor (Chrono Boost)  
  111  11:13  Protoss Ground Weapons Level 2 (Chrono Boost)  
  111  11:15  Probe x2  
  110  11:23  Stalker x2  
  110  11:24  Stalker  
  114  11:26  Probe  
  114  11:27  Probe  
  114  11:31  Probe  
  117  11:33  Disruptor (Chrono Boost)  
  117  11:36  Dark Shrine  
  117  11:38  Probe, Pylon, Gateway  
  117  11:39  Probe  
  122  11:40  Disruptor  
  122  11:44  Stalker  
  127  11:48  Stalker  
  127  11:49  Probe, Stalker  
  127  11:54  Probe x2  
  134  12:03  Gateway  
  134  12:05  Probe, Pylon, Gateway  
  134  12:07  Probe  
  136  12:12  Probe x2  
  138  12:17  Probe  
  138  12:19  Disruptor x2  
  143  12:37  Probe x2  
  143  12:39  Assimilator x2  
  143  12:40  Photon Cannon  
  143  12:41  Shield Battery  
  143  12:44  Photon Cannon  
  143  12:46  Probe x2  
  143  12:48  Gateway  
  143  12:49  Probe x2, Gateway  
  147  12:51  Photon Cannon  
  147  12:52  Photon Cannon  
  147  12:57  Pylon  
  147  12:58  Probe  
  147  12:59  Shadow Stride (Chrono Boost)  
  147  13:00  Pylon  
  147  13:03  Observer (Chrono Boost)  
  147  13:04  Gravitic Boosters  
  150  13:10  Observer (Chrono Boost), Stalker x4  
  157  13:16  Observer (Chrono Boost)  
  158  13:20  Probe  
  158  13:22  Pylon  
  158  13:23  Pylon  
  158  13:25  Observer  
  158  13:26  Photon Cannon  
  160  13:28  Protoss Ground Weapons Level 3 (Chrono Boost)  
  160  13:30  Pylon  
  160  13:43  Nexus, Pylon  
  160  13:45  Fleet Beacon  
  159  14:00  Dark Templar x2  
  159  14:01  Dark Templar x5  
  172  14:05  Dark Templar  
  174  14:14  Zealot  
  172  14:28  Nexus  
  166  14:37  Stalker x9  
  182  14:43  Pylon  
  182  14:46  Assimilator  
  182  14:47  Mothership (Chrono Boost)  
  182  14:50  Assimilator  
  182  14:52  Pylon  
  190  14:54  Pylon  
  190  15:00  Stalker x2  
  194  15:12  Photon Cannon  
  189  15:25  Dark Templar x3  
  189  15:26  Dark Templar x5  
  195  15:31  Archon x4  
  195  15:48  Probe, Stalker  
  188  15:59  Photon Cannon  
  188  16:02  Archon, Photon Cannon  
  188  16:04  Stalker x6, Shield Battery  
  200  16:12  Shield Battery  
  200  16:17  Protoss Shields Level 1 (Chrono Boost), Pylon  
  200  16:19  Photon Cannon  
  200  16:20  Shield Battery  
  200  16:21  Dark Templar x2  
  200  16:25  Pylon  
  200  16:29  Forge  
  200  16:33  Gateway x2  
  200  16:34  Protoss Air Armor Level 1 (Chrono Boost)  
  200  16:37  Archon  
  198  16:51  Disruptor (Chrono Boost)  
  173  16:55  Disruptor (Chrono Boost)  
  173  17:00  Stalker x4  
  173  17:01  Stalker x3  
  157  17:05  Stalker x2  
  143  17:20  Protoss Ground Armor Level 1 (Chrono Boost)  
  143  17:24  Probe, Disruptor (Chrono Boost)  
  143  17:26  Shield Battery  
  143  17:28  Photon Cannon  
  150  17:31  Disruptor (Chrono Boost)  
  150  17:34  Robotics Facility  
  150  17:38  Dark Templar x2  
  150  17:39  Dark Templar x2  
  150  17:42  Archon  
  150  17:43  Archon  
  158  17:49  Dark Templar  
  160  17:56  Disruptor  
  163  18:04  Nexus  
  163  18:05  Pylon  
  163  18:11  Stalker x3  
  163  18:12  Stalker x3  
  175  18:16  Pylon  
  172  18:29  Protoss Shields Level 2 (Chrono Boost)  
  172  18:35  Stargate  
  172  18:36  Stalker x2  
  172  18:37  Stalker x3  
  181  18:44  Stalker x3  
  186  18:49  Stalker x2  
  190  18:59  Observer  
  191  19:06  Photon Cannon  
  191  19:09  Photon Cannon  
  187  19:11  Photon Cannon  
  187  19:13  Photon Cannon  
  161  19:20  Disruptor x2  
  161  19:21  Disruptor  
  152  19:29  Stalker x3  
  147  19:35  Stalker x3  
  150  19:39  Zealot x5  
  150  19:44  Probe  
  137  19:54  Disruptor (Chrono Boost)  
  137  19:55  Probe  
  147  20:00  Assimilator  
  147  20:02  Disruptor (Chrono Boost), Charge  
  147  20:04  Disruptor (Chrono Boost), Assimilator  
  145  20:21  Disruptor  
  145  20:23  Protoss Ground Armor Level 2 (Chrono Boost)  
  145  20:25  Stalker  
  145  20:26  Stalker x3  
  155  20:31  Disruptor, Shield Battery  
  155  20:33  Shield Battery  
  158  20:36  Shield Battery  
  158  20:37  Shield Battery  
  158  20:40  Protoss Shields Level 3 (Chrono Boost)  
  158  20:43  Nexus  
  158  20:48  Pylon  
  158  20:51  Dark Templar x2, Assimilator  
  158  20:52  Disruptor  
  165  21:17  Disruptor  
  168  21:22  Photon Cannon  
  168  21:23  Photon Cannon  
  168  21:24  Photon Cannon  
  168  21:27  Shield Battery x2  
  168  21:29  Stalker, Shield Battery  
  168  21:30  Stalker x10  
  168  21:31  Pylon  
  190  21:33  Pylon  
  190  21:52  Observer  
  190  21:56  Protoss Air Weapons Level 1 (Chrono Boost)  
  190  21:59  Dark Templar  
  190  22:00  Dark Templar x4  
  200  22:07  Archon x2  
  200  22:08  Archon  
  198  22:32  Protoss Ground Armor Level 3 (Chrono Boost)  
  198  22:41  Gateway  
  198  22:42  Gateway  
  198  22:44  Pylon  
  158  23:04  Disruptor x2  
  158  23:05  Stalker x4  
  142  23:06  Stalker x7  
  153  23:17  Disruptor  
  129  23:29  Stalker x8  
  129  23:30  Stalker x3  
  151  23:39  Disruptor  
  151  23:40  Disruptor  
  157  23:50  Dark Templar x4  
  157  23:53  Disruptor  
  168  24:00  Observer  
  168  24:15  Disruptor  
  165  24:25  Pylon  
  165  24:29  Disruptor x2  
  170  24:43  Archon  
  168  24:46  Stalker x12  
  168  24:51  Disruptor  
  193  24:54  Nexus  
  193  24:55  Pylon x2  
  193  24:57  Pylon  
  193  25:14  Photon Cannon  
  193  25:15  Photon Cannon  
  193  25:17  Photon Cannon x2  
  193  25:19  Photon Cannon  
  192  25:22  Shield Battery x2  
  192  25:23  Shield Battery  
  192  25:24  Shield Battery  
  192  25:26  Shield Battery  
  192  25:34  Stalker x4  
  200  25:40  Pylon  
  200  25:45  Nexus  
  171  26:02  Stalker x13  
Show
View Real Time Build Order
Export as new Build Order

DnS Protoss 

Build Orders: Oracle Opening 

Get SALT Encoding   

  12  0:00  Probe  
  13  0:12  Probe  
  14  0:17  Pylon  
  14  0:24  Probe (Chrono Boost)  
  16  0:36  Probe (Chrono Boost), Gateway  
  16  0:43  Probe (Chrono Boost)  
  16  0:46  Assimilator  
  17  0:51  Probe  
  17  0:54  Assimilator  
  18  1:03  Probe (Chrono Boost)  
  19  1:07  Gateway  
  19  1:12  Probe (Chrono Boost)  
  19  1:17  Probe (Chrono Boost)  
  20  1:24  Cybernetics Core  
  21  1:29  Probe  
  22  1:35  Pylon  
  22  1:41  Probe  
  24  1:54  Probe  
  24  2:00  Stalker x2  
  28  2:02  Warp Gate  
  28  2:06  Probe  
  29  2:12  Pylon  
  29  2:24  Stargate  
  29  2:32  Stalker  
  31  2:38  Stalker  
  33  2:53  Shield Battery  
  33  3:04  Shield Battery  
  33  3:05  Oracle (Chrono Boost)  
  35  3:13  Probe  
  35  3:18  Pylon  
  36  3:35  Oracle  
  36  3:38  Probe  
  40  4:00  Nexus  
  41  4:02  Probe  
  41  4:04  Twilight Council  
  41  4:08  Stalker  
  43  4:17  Probe  
  43  4:18  Stalker  
  46  4:25  Pylon  
  46  4:30  Probe  
  47  4:33  Blink (Chrono Boost)  
  47  4:34  Gateway  
  47  4:51  Stalker  
  49  4:55  Probe  
  50  5:10  Probe (Chrono Boost)  
  50  5:12  Probe (Chrono Boost)  
  53  5:23  Probe (Chrono Boost)  
  53  5:25  Probe (Chrono Boost)  
  53  5:27  Stalker x2  
  58  5:31  Probe  
  59  5:35  Probe  
  59  5:37  Stalker  
  62  5:43  Probe  
  62  5:48  Probe  
  64  5:55  Probe  
  62  6:00  Probe  
  63  6:05  Pylon  
  63  6:06  Stalker x2  
  63  6:07  Probe, Stalker  
  63  6:09  Shield Battery  
  69  6:20  Probe  
  69  6:23  Probe  
  71  6:31  Nexus  
  71  6:32  Pylon  
  71  6:36  Probe  
  71  6:37  Probe  
  71  6:39  Stalker  
  75  6:47  Robotics Facility  
  75  6:48  Assimilator  
  75  6:55  Probe x2  
  75  6:59  Charge  
  77  7:02  Pylon  
  77  7:04  Stalker  
  77  7:08  Stalker  
  81  7:19  Probe  
  81  7:20  Stalker  
  82  7:23  Gateway  
  83  7:30  Probe, Stalker  
  83  7:32  Shield Battery  
  83  7:34  Pylon  
  83  7:36  Immortal (Chrono Boost)  
  86  7:44  Stalker  
  88  7:52  Stalker, Shield Battery  
  88  7:58  Gateway  
  90  7:59  Gateway  
  90  8:05  Immortal (Chrono Boost)  
  90  8:11  Stalker  
  96  8:15  Stalker  
  88  8:29  Stalker x2  
  88  8:32  Probe  
  88  8:34  Probe x2  
  87  8:37  Zealot, Observer (Chrono Boost)  
  87  8:38  Zealot  
  87  8:40  Gateway  
  92  8:44  Probe  
  92  8:46  Probe x2  
  94  8:50  Observer  
  94  8:55  Stalker x3  
  101  8:56  Probe  
  101  8:57  Observer  
  101  8:58  Probe  
  101  9:01  Pylon  
  103  9:06  Forge  
  103  9:09  Pylon  
  103  9:16  Warp Prism (Chrono Boost)  
  103  9:19  Probe x2  
  107  9:24  Stalker  
  107  9:26  Assimilator  
  107  9:30  Probe  
  110  9:31  Probe  
  110  9:32  Pylon  
  110  9:34  Protoss Ground Weapons Level 1 (Chrono Boost)  
  110  9:40  Photon Cannon  
  110  9:44  Sentry x2  
  114  9:55  Observer  
  114  9:56  Nexus  
  114  9:58  Stalker x4  
  120  10:07  Pylon  
  120  10:08  Probe x2  
  120  10:09  Probe  
  120  10:11  Pylon  
  123  10:16  Observer, Photon Cannon  
  120  10:35  Stalker x4  
  120  10:36  Stalker x2  
  120  10:37  Zealot  
  80  10:59  Stalker x5  
  80  11:01  Zealot x2  
  80  11:02  Probe x3  
  93  11:09  Probe  
  91  11:14  Probe x2  
  91  11:17  Gateway  
  93  11:22  Stalker x4  
  93  11:23  Protoss Ground Weapons Level 2 (Chrono Boost)  
  93  11:24  Zealot  
  93  11:25  Zealot  
  105  11:35  Probe x4  
  105  11:36  Zealot  
  111  11:41  Gateway  
  111  11:48  Stalker x2  
  111  11:49  Stalker x2  
  111  11:50  Probe  
  111  11:51  Probe  
  117  11:57  Photon Cannon  
  117  12:00  Probe x2  
  119  12:02  Probe, Stalker  
  119  12:08  Assimilator  
  122  12:10  Stalker  
  122  12:11  Stalker x2  
  128  12:17  Zealot x4  
  134  12:26  Zealot  
  130  12:33  Zealot  
  130  12:35  Zealot  
  130  12:36  Zealot x2  
  139  12:37  Probe  
  139  12:40  Dark Shrine  
  137  12:46  Zealot  
  137  12:48  Probe x2  
  137  12:50  Stalker  
  137  12:51  Stalker x2  
  147  12:54  Assimilator  
  147  12:55  Pylon x2  
  147  12:56  Pylon, Shield Battery  
  147  12:58  Pylon  
  147  13:07  Pylon  
  147  13:09  Pylon  
  147  13:11  Pylon  
  147  13:14  Probe x3  
  147  13:17  Phoenix, Stargate, Immortal (Chrono Boost)  
  156  13:22  Assimilator  
  156  13:24  Assimilator  
  156  13:28  Probe  
  157  13:40  Templar Archives  
  157  13:41  Immortal  
  157  13:42  Phoenix (Chrono Boost)  
  159  13:54  Dark Templar  
  159  13:55  Zealot x6  
  176  14:04  Phoenix (Chrono Boost)  
  176  14:06  Photon Cannon  
  176  14:07  Phoenix (Chrono Boost)  
  176  14:20  Immortal (Chrono Boost)  
  176  14:21  Nexus  
  176  14:23  Pylon  
  180  14:24  Phoenix  
  180  14:26  Phoenix  
  175  14:33  Zealot x6  
  185  14:46  Nexus  
  185  14:49  Phoenix  
  185  14:52  Observer  
  188  14:57  Photon Cannon  
  188  14:58  Photon Cannon  
  185  15:07  Photon Cannon  
  185  15:11  Photon Cannon  
  185  15:18  Observer (Chrono Boost)  
  177  15:26  Phoenix x2  
  181  15:35  Probe x2  
  181  15:36  Pylon, Observer  
  181  15:38  Pylon  
  181  15:39  Pylon  
  179  15:43  Pylon  
  177  15:54  Probe  
  176  16:03  Stalker x2  
  176  16:04  Stalker  
  182  16:05  High Templar x3  
  182  16:06  High Templar x3  
  182  16:10  Archon x3  
  194  16:11  Phoenix x2  
  194  16:17  Pylon  
  198  16:22  Pylon  
  198  16:25  Forge  
  198  16:28  Observer  
  199  16:41  Nexus  
  199  16:43  Pylon, Protoss Air Weapons Level 1 (Chrono Boost)  
  190  16:50  Phoenix x2 (Chrono Boost)  
  170  16:57  Zealot x2  
  170  16:58  Zealot x6  
  180  17:12  Phoenix (Chrono Boost)  
  145  17:17  Observer (Chrono Boost)  
  140  17:25  High Templar x2, Protoss Ground Weapons Level 3 (Chrono Boost)  
  140  17:26  High Templar x4  
  140  17:28  Zealot x3  
  158  17:30  Archon  
  158  17:31  Archon x2  
  158  17:32  Photon Cannon  
  158  17:38  Pylon  
  158  17:42  Probe, Photon Cannon  
  158  17:43  Probe x2  
  161  17:44  Shield Battery  
  161  17:48  Phoenix (Chrono Boost)  
  163  17:51  Phoenix (Chrono Boost)  
  163  17:54  Probe  
  163  17:55  Probe  
  163  17:57  Probe  
  168  18:13  Nexus  
  168  18:21  Phoenix  
  168  18:22  Phoenix  
  172  18:30  High Templar x2  
  172  18:31  Zealot x3  
  182  18:34  Archon  
  182  18:41  Observer  
  184  18:49  Sentry  
  182  18:59  Zealot x6  
  159  19:20  Stalker x3  
  159  19:21  Stalker x5  
  159  19:24  Phoenix (Chrono Boost)  
  165  19:27  Observer  
  165  19:29  Phoenix (Chrono Boost)  
  137  19:49  Observer  
  137  19:50  High Templar  
  137  19:51  High Templar, Zealot x6  
  137  19:52  Protoss Shields Level 1 (Chrono Boost)  
  143  19:56  Archon  
  143  19:58  Phoenix x2 (Chrono Boost)  
  143  20:03  Zealot  
  145  20:11  Probe x3  
  148  20:15  Probe  
  148  20:17  Probe  
  150  20:23  Probe  
  150  20:27  Assimilator x2  
  151  20:31  Immortal (Chrono Boost)  
  151  20:32  High Templar x2  
  159  20:36  Archon  
  157  20:43  Zealot x4  
  157  20:44  Oracle (Chrono Boost)  
  168  21:08  Phoenix (Chrono Boost)  
  166  21:13  Nexus  
  166  21:14  Phoenix (Chrono Boost), High Templar x2  
  172  21:19  Archon  
  172  21:29  Phoenix (Chrono Boost), Observer  
  172  21:32  Phoenix (Chrono Boost)  
  175  21:36  Nexus  
  175  21:37  Pylon  
  174  21:52  Phoenix  
  168  21:54  Zealot x3  
  168  21:55  Zealot  
  168  22:00  Phoenix  
  175  22:06  Probe  
  175  22:07  Probe x3  
  179  22:17  Photon Cannon  
  179  22:20  Shield Battery  
  170  22:31  High Templar x4  
  170  22:32  Zealot x5  
  170  22:35  Archon x2, Oracle (Chrono Boost)  
  170  22:36  Observer (Chrono Boost)  
  187  22:43  Photon Cannon  
  154  22:54  Zealot x3  
  138  23:03  Phoenix  
  138  23:04  Phoenix  
  111  23:20  Stalker x7  
  111  23:26  Pylon  
  117  23:30  Immortal (Chrono Boost)  
  117  23:44  Zealot  
  117  23:47  Dark Templar  
  121  23:51  Zealot x4, Sentry  
  129  24:01  Immortal (Chrono Boost)  
  130  24:21  Pylon  
  130  24:22  High Templar, Oracle  
  130  24:23  High Templar  
  130  24:24  Zealot x6  
  137  24:27  Pylon  
  137  24:28  Archon  
  145  24:35  Observer  
  144  24:46  Pylon  
  144  24:47  Zealot x6  
  155  25:04  Zealot  
  151  25:08  Zealot x3  
  151  25:13  High Templar x4  
  163  25:17  Archon x2  
  163  25:23  Phoenix (Chrono Boost)  
  163  25:28  Zealot x2, Assimilator  
  169  25:33  Phoenix (Chrono Boost)  
  169  25:39  Nexus  
Tags
 
Add a new tag
Caveats
  • Supply blocks, unpowered buildings, or Contaminate may cause inaccurate times.
  • Supply counts are checked every 10 seconds.